 Dungeon Crawl Stone Soup version 0.20.0 (webtiles) character file.

50666 Eucla the Severer (level 14, -15/135 HPs)
             Began as a Minotaur Berserker on June 2, 2017.
             Was the Champion of Trog.
             Demolished by a swamp worm (19 damage)
             ... on level 5 of the Lair of Beasts.
             The game lasted 00:23:42 (15733 turns).

Eucla the Severer (Minotaur Berserker)             Turns: 15733, Time: 00:23:42

Health: -15/135    AC:  2    Str: 20    XL:     14   Next: 20%
Magic:  13/13      EV: 17    Int: 11    God:    Trog [******]
Gold:   618        SH:  0    Dex: 17    Spells: 13/13 levels left

rFire    . . .     SeeInvis +   a - +6 executioner's axe (vamp)
rCold    . . .     Gourm    +   (shield currently unavailable)
rNeg     . . .     Faith    .   p - +4 chain mail
rPois    +         Spirit   .   (helmet unavailable)
rElec    .         Reflect  .   v - +0 cloak
rCorr    .         Harm     .   x - +0 pair of gloves
MR       +....                  B - +2 pair of boots
Stlth    ..........             s - amulet of the gourmand
Regen    0.4/turn               K - ring "Usejosk" {rPois Str-2 Int+5 SInv Stlth-}
MPRegen  0.2/turn               U - +4 ring of evasion

@: corroded, very slow
A: retaliatory headbutt, horns 3, agile 1, clever 1
a: Berserk, Trog's Hand, Brothers in Arms, Burn Spellbooks, Renounce Religion


You were on level 5 of the Lair of Beasts.
You worshipped Trog.
Trog was exalted by your worship.
You were not hungry.

You visited 3 branches of the dungeon, and saw 18 of its levels.

You collected 1828 gold pieces.
You spent 1210 gold pieces at shops.

Inventory:

Hand Weapons
 a - a +6 vampiric executioner's axe (weapon)
 n - a +3 battleaxe of electrocution
 z - a +4 battleaxe of chopping
 Q - a +3 antimagic battleaxe
Armour
 p - a +4 chain mail (worn)
 v - a +0 cloak (worn)
 x - a +0 pair of gloves (worn)
 B - a +2 pair of boots (worn)
 H - a +0 chain mail of magic resistance
 P - a +1 hat of intelligence
Jewellery
 s - an amulet of the gourmand (around neck)
 u - a +5 ring of strength
 A - a +2 amulet of reflection {unknown}
 D - an uncursed ring of protection from fire
 K - the ring "Usejosk" (left hand) {rPois Str-2 Int+5 SInv Stlth-}
   (You found it on level 4 of the Dungeon)

   [ring of loudness]

   It affects your strength (-2).
   It affects your intelligence (+5).
   It protects you from poison.
   It lets you see invisible.
   It makes you less stealthy.
 U - a +4 ring of evasion (right hand)
Wands
 j - a wand of confusion (28/48)
 m - a wand of digging (8/24)
 C - a wand of digging (12/24)
 J - a wand of paralysis (16/24)
Scrolls
 b - 4 scrolls of remove curse
 f - 2 scrolls of identify
 h - 2 scrolls of fog
 o - 11 scrolls of teleportation
 r - 8 scrolls of immolation
 y - 2 scrolls of recharging
 F - 5 scrolls of magic mapping
 G - 5 scrolls of fear
 I - a scroll of random uselessness {unknown}
 L - 2 scrolls of blinking
 M - a scroll of torment {unknown}
 S - 3 scrolls of enchant armour
Potions
 d - 2 potions of haste
 e - 2 potions of resistance
 g - 2 potions of mutation
 i - 9 potions of curing
 k - 3 potions of heal wounds
 l - 2 potions of flight
 q - 2 potions of agility
 E - 2 potions of berserk rage
 N - a potion of brilliance
Comestibles
 c - 12 bread rations
 t - a royal jelly
 w - 2 meat rations
 O - 4 fruits


   Skills:
 - Level 15.1 Fighting
 + Level 19.9 Axes
 - Level 10.3 Armour
 - Level 9.6 Dodging


You had 13 spell levels left.
You didn't know any spells.

Dungeon Overview and Level Annotations

Branches:
Dungeon (11/15)            Temple (0/1) D:7            Lair (5/6) D:11
  Swamp (0/4) Lair:2        Snake (0/4) Lair:3        Slime (0/5) Lair:5
    Orc (2/2) D:9             Elf (0/3) Orc:2

Altars:
Cheibriados
Elyvilon
Gozag
Nemelex Xobeh
Okawaru
Uskayaw
Vehumet
Xom
Zin
Beogh
Jiyva

Shops:
D:5 }!**   D:7 }?[(   Orc:2 }(%(*


Innate Abilities, Weirdness & Mutations

You reflexively headbutt those who attack you in melee.
You have a pair of large horns on your head.
You are agile. (Dex +2)
Your mind is acute. (Int +2)


Message History

Unknown command.
Your deep troll bites the swamp worm!
Your deep troll closely misses the swamp worm.
Your deep troll claws the swamp worm.
The swamp worm bites you!
Your deep troll bites the swamp worm!!
The swamp worm dies!
Trog accepts your kill.
A swamp worm bursts forth from the water.
The swamp worm bites you!!
* * * LOW HITPOINT WARNING * * *
A swamp worm bursts forth from the water.
The swamp worm barely misses you. The swamp worm bites you!!
* * * LOW HITPOINT WARNING * * *
A swamp worm bursts forth from the water.
The swamp worm barely misses you. You furiously retaliate!
You headbutt the swamp worm!
Your deep troll bites the swamp worm!
Your deep troll claws the swamp worm!
Your deep troll closely misses the swamp worm.
The swamp worm barely misses you. The swamp worm bites you!!
You die...

≈≈≈≈≈P≈≈≈.....#.##
≈≈≈≈PPP≈.......#.##
♣≈≈≈≈≈≈≈≈......##≈####
♣♣♣#PP##≈.......≈≈##≈#
♣#####....≈≈≈≈≈≈≈####
#...≈≈≈≈≈≈≈≈≈≈≈P#
##.≈≈≈#######≈≈≈###
###.≈≈##≈≈≈≈≈#≈≈≈≈.#
#...≈≈#/≈w@≈≈≈≈≈≈.##
##..≈†##≈wwT≈#≈≈≈..#
#.#≈≈≈#######≈≈≈..#
##.≈≈≈≈≈≈≈≈≈≈≈≈#.##
#≈≈≈≈≈≈≈≈≈≈≈....### #
#####.............####
#.
#.#.............#.##.#
###............#.#...#
###.........†.......


You could see 3 swamp worms and a friendly deep troll (berserk).

Vanquished Creatures
  Gastronok (D:9)
  Fannar (Lair:1)
  4 hydras
  9 two-headed ogres
  An ogre mage (Orc:2)
  An orc high priest (Orc:2)
  Sonja (D:11)
  Pikel (D:9)
  4 orc knights
  5 orc sorcerers
  13 elephants
  12 spiny frogs
  3 black mambas
  3 komodo dragons
  A polar bear (Lair:4)
  3 trolls
  3 hippogriffs
  12 blink frogs
  A wraith (D:11)
  The ghost of atomicknyte the Magician, an amateur SpTm of Okawaru (D:5)
  13 yaks
  The ghost of Eucla the Chopper, an amateur MiBe of Trog (D:4)
  A wyvern (Lair:4)
  Eustachio (D:5)
  A basilisk (Lair:2)
  5 hungry ghosts
  A swamp worm (Lair:5)
  4 wargs
  15 water moccasins
  11 porcupines
  A slave (D:9)
  7 ice beasts (D:10)
  22 orc warriors
  2 black bears
  5 sky beasts
  9 ogres
  4 phantoms
  24 wolves
  5 centaurs
  8 crocodiles
  2 big kobolds
  13 bullfrogs
  A gnoll sergeant (D:10)
  A scorpion (D:4)
  A wyvern skeleton (D:7)
  4 wights (D:4)
  A killer bee (D:9)
  4 electric eels
  7 howler monkeys
  4 crimson imps
  2 centaur zombies
  11 hounds
  21 orc priests
  A gnoll shaman (Orc:1)
  A jelly (D:11)
  A bullfrog skeleton (D:5)
  Jessica (D:3)
  3 iguanas
  21 orc wizards
  5 worker ants
  6 hell rats (Lair:5)
  A hound zombie (D:11)
  A hound skeleton (D:4)
  3 worker ant zombies
  A howler monkey skeleton (D:9)
  16 gnolls
  16 adders
  2 shadow imps
  2 adder skeletons
  2 dart slugs
  13 worms
  9 leopard geckos
  67 orcs
  A ball python (D:2)
  8 giant cockroaches
  9 goblins
  6 hobgoblins
  3 jackals
  6 quokkas
  10 bats
  2 frilled lizards (D:2)
  A jackal zombie (D:7)
  20 kobolds
  2 leopard gecko skeletons
  9 rats
  A bush (Lair:4)
  2 plants
544 creatures vanquished.

Vanquished Creatures (collateral kills)
  An acid blob (Lair:5)
  The ghost of Arglure the Spear-Bearer, a journeyman DsSk of Kikubaaqudgha (D:9)
  2 orc high priests (Orc:2)
  2 orc knights (Orc:2)
  An orc sorcerer (Orc:2)
  2 swamp worms (Lair:5)
  An orc warrior (Orc:2)
  4 killer bees (D:9)
  2 worms (Lair:5)
  A plant (Lair:5)
17 creatures vanquished.

Vanquished Creatures (others)
  A slave (D:9)
  An orc priest (Orc:2)
  An orc (D:9)
  A fungus (Lair:3)
  5 plants
9 creatures vanquished.

Grand Total: 570 creatures vanquished

Notes
Turn   | Place    | Note
-------+----------+-------------------------------------------
     0 | D:1      | Eucla the Minotaur Berserker began the quest for the Orb.
     0 | D:1      | Reached XP level 1. HP: 19/19 MP: 0/0
   190 | D:1      | Reached skill level 4 in Axes
   354 | D:1      | Reached XP level 2. HP: 24/27 MP: 1/1
   769 | D:2      | Reached XP level 3. HP: 21/33 MP: 2/2
   917 | D:2      | Noticed a black bear
   922 | D:2      | Reached ** piety under Trog
   925 | D:2      | Killed a black bear
   925 | D:2      | Reached skill level 5 in Axes
   925 | D:2      | Reached XP level 4. HP: 39/41 MP: 3/3
  1009 | D:2      | Reached skill level 6 in Axes
  1016 | D:2      | Reached XP level 5. HP: 44/47 MP: 4/4
  1026 | D:2      | Found a snail-covered altar of Cheibriados.
  1082 | D:2      | Reached skill level 5 in Fighting
  1594 | D:2      | Paralysed by a gnoll for 5 turns
  1600 | D:2      | Reached skill level 7 in Axes
  1604 | D:2      | Reached *** piety under Trog
  1604 | D:2      | Reached XP level 6. HP: 36/56 MP: 2/5
  1609 | D:2      | Found a shimmering altar of Xom.
  1895 | D:3      | Found a white marble altar of Elyvilon.
  2861 | D:3      | Found a sparkling altar of Nemelex Xobeh.
  2861 | D:3      | Noticed Jessica
  2867 | D:3      | Killed Jessica
  2984 | D:4      | Noticed Eucla's ghost (amateur MiBe)
  2994 | D:4      | Killed Eucla's ghost
  2994 | D:4      | Reached skill level 8 in Axes
  2994 | D:4      | Reached XP level 7. HP: 44/64 MP: 2/6
  3093 | D:4      | Found a radiant altar of Vehumet.
  3303 | D:4      | Got a slimy tin ring
  3389 | D:4      | Reached skill level 9 in Axes
  3739 | D:4      | Found an iron altar of Okawaru.
  3742 | D:4      | Reached **** piety under Trog
  3820 | D:4      | Identified the ring "Usejosk" {rPois Str-2 Int+5 SInv Stlth-} (You found it on level 4 of the Dungeon)
  3834 | D:5      | Entered Level 5 of the Dungeon
  3840 | D:5      | Found Focuf's Assorted Antiques.
  3856 | D:5      | Noticed atomicknyte's ghost (amateur SpTm)
  3862 | D:5      | Killed atomicknyte's ghost
  3862 | D:5      | Reached skill level 10 in Axes
  3862 | D:5      | Reached XP level 8. HP: 64/73 MP: 5/7
  4198 | D:5      | Found Suof's General Store.
  4204 | D:5      | Bought a scroll of blinking for 90 gold pieces
  4204 | D:5      | Bought a scroll of identify for 24 gold pieces
  4204 | D:5      | Bought a scroll of identify for 24 gold pieces
  4204 | D:5      | Bought a potion of mutation for 96 gold pieces
  4266 | D:5      | Gained mutation: Your mind is acute. (Int +2) [potion of mutation]
  4266 | D:5      | Gained mutation: You are agile. (Dex +2) [potion of mutation]
  4266 | D:5      | Gained mutation: You have a pair of large horns on your head. [potion of mutation]
  4495 | D:5      | Reached skill level 11 in Axes
  4646 | D:5      | Found Houfish's Gadget Shop.
  4659 | D:5      | Found Apezuorch's Distillery.
  4662 | D:5      | Bought a potion of curing for 36 gold pieces
  4662 | D:5      | Bought a potion of heal wounds for 60 gold pieces
  4708 | D:5      | Found Yriockycots's General Store.
  4745 | D:5      | Noticed Eustachio
  4754 | D:5      | Killed Eustachio
  4870 | D:6      | Reached XP level 9. HP: 64/82 MP: 8/8
  4969 | D:6      | Reached skill level 12 in Axes
  5223 | D:6      | Found a hide-covered altar of Uskayaw.
  5556 | D:7      | Found Ucsost's Antique Armour Emporium.
  5581 | D:7      | Found Ziagid's Magic Scroll Emporium.
  5581 | D:7      | Noticed a two-headed ogre
  5590 | D:7      | Killed a two-headed ogre
  5665 | D:7      | Reached skill level 13 in Axes
  5958 | D:7      | Found Rygac's Gadget Shoppe.
  5975 | D:7      | Reached skill level 10 in Fighting
  6197 | D:7      | Found Najinkefuff's Antique Weapon Shoppe.
  6311 | D:7      | Found a staircase to the Ecumenical Temple.
  6791 | D:8      | Reached ***** piety under Trog
  6852 | D:8      | Noticed a hand axe
  6853 | D:8      | Noticed a dagger
  6856 | D:8      | Found a hide-covered altar of Uskayaw.
  7088 | D:8      | Noticed a two-headed ogre
  7097 | D:8      | Killed a two-headed ogre
  7097 | D:8      | Reached skill level 14 in Axes
  7097 | D:8      | Reached XP level 10. HP: 65/94 MP: 9/9
  7511 | D:9      | Noticed Arglure's ghost (journeyman DsSk)
  7522 | D:9      | Killed Arglure's ghost
  7569 | D:9      | Noticed Pikel
  7583 | D:9      | Killed Pikel
  7583 | D:9      | Reached skill level 15 in Axes
  7644 | D:9      | Noticed Gastronok
  7659 | D:9      | Killed Gastronok
  7683 | D:9      | Reached XP level 11. HP: 64/104 MP: 10/10
  7850 | D:9      | Found an opulent altar of Gozag.
  7880 | D:9      | Found a staircase to the Orcish Mines.
  7950 | D:9      | Found a glowing silver altar of Zin.
  8058 | D:10     | Entered Level 10 of the Dungeon
  8149 | D:10     | Received a gift from Trog
  8149 | D:10     | Reached skill level 16 in Axes
  9001 | D:11     | Noticed a two-headed ogre
  9010 | D:11     | Killed a two-headed ogre
  9057 | D:11     | Noticed Sonja
  9067 | D:11     | Reached skill level 5 in Armour
  9080 | D:11     | Killed Sonja
  9080 | D:11     | Reached skill level 5 in Dodging
  9083 | D:11     | Found a staircase to the Lair.
  9455 | D:11     | Received a gift from Trog
  9729 | Orc:1    | Entered Level 1 of the Orcish Mines
  9749 | Orc:1    | Noticed an orc sorcerer
  9751 | Orc:1    | Noticed an orc knight
  9757 | Orc:1    | Killed an orc sorcerer
  9773 | Orc:1    | Killed an orc knight
  9911 | Orc:1    | Noticed an orc sorcerer
  9916 | Orc:1    | Reached XP level 12. HP: 115/115 MP: 11/11
  9917 | Orc:1    | Paralysed by an orc sorcerer for 4 turns
 10169 | Orc:2    | Entered Level 2 of the Orcish Mines
 10242 | Orc:2    | Found Ekhlinorph's Assorted Antiques.
 10258 | Orc:2    | Found a staircase to the Elven Halls.
 10515 | Orc:2    | Reached ****** piety under Trog
 10530 | Orc:2    | Noticed a two-headed ogre
 10533 | Orc:2    | Noticed an ogre mage
 10533 | Orc:2    | Noticed a two-headed ogre
 10536 | Orc:2    | Noticed a two-headed ogre
 10537 | Orc:2    | Killed a two-headed ogre
 10540 | Orc:2    | Noticed a two-headed ogre
 10542 | Orc:2    | Killed an ogre mage
 10544 | Orc:2    | Noticed a two-headed ogre
 10546 | Orc:2    | Killed a two-headed ogre
 10547 | Orc:2    | Killed a two-headed ogre
 10551 | Orc:2    | Killed a two-headed ogre
 10551 | Orc:2    | Received a gift from Trog
 10554 | Orc:2    | Noticed a two-headed ogre
 10557 | Orc:2    | Killed a two-headed ogre
 10580 | Orc:2    | Killed a two-headed ogre
 10882 | Orc:2    | Found Xiluppi's Gadget Shop.
 10886 | Orc:2    | Noticed an orc high priest
 10887 | Orc:2    | Noticed an orc high priest
 10913 | Orc:2    | Killed an orc high priest
 10915 | Orc:2    | Noticed an orc high priest
 10924 | Orc:2    | Killed an orc high priest
 10924 | Orc:2    | Killed an orc high priest
 10926 | Orc:2    | Reached skill level 10 in Armour
 11089 | Orc:2    | Found Sitzot's Food Emporium.
 11095 | Orc:2    | Found Vusteg's Antique Weapon Emporium.
 11097 | Orc:2    | Found Eliwk's Antique Weapon Shop.
 11139 | Orc:2    | Found a roughly hewn altar of Beogh.
 11157 | Orc:2    | Reached XP level 13. HP: 125/125 MP: 12/12
 11205 | Orc:2    | Reached skill level 15 in Fighting
 11436 | D:7      | Bought a steaming scale mail for 234 gold pieces
 11436 | D:7      | Bought a pair of embroidered boots for 195 gold pieces
 11446 | D:7      | Identified the cursed +1 scale mail "Xaol" {rElec Int+5} (You bought it in a shop on level 7 of the Dungeon)
 11522 | D:7      | Bought a glowing battleaxe for 256 gold pieces
 11567 | D:7      | Bought a runed chain mail for 195 gold pieces
 11703 | Lair:1   | Entered Level 1 of the Lair of Beasts
 12240 | Lair:1   | Noticed Fannar
 12250 | Lair:1   | Killed Fannar
 12848 | Lair:2   | Found a staircase to the Swamp.
 12906 | Lair:2   | Reached skill level 17 in Axes
 13253 | Lair:2   | Reached skill level 18 in Axes
 13836 | Lair:3   | Found a staircase to the Snake Pit.
 14138 | Lair:3   | Received a gift from Trog
 14647 | Lair:4   | Reached skill level 19 in Axes
 14819 | Lair:4   | Reached XP level 14. HP: 135/135 MP: 13/13
 15024 | Lair:5   | Found a staircase to the Slime Pits.
 15024 | Lair:5   | Found a viscous altar of Jiyva.
 15704 | Lair:5   | Noticed an acid blob
 15715 | Lair:5   | Killed an acid blob
 15715 | Lair:5   | Received a gift from Trog
 15733 | Lair:5   | HP: 4/135 [swamp worm (23)]
 15733 | Lair:5   | Demolished by a swamp worm

Skill      XL: |  1  2  3  4  5  6  7  8  9 10 11 12 13 |
---------------+----------------------------------------+-----
Axes           | 4 5 6 7 8 10 11 14 15 16 19 | 19.9
Fighting       | 4 5 6 7 8 10 11 13 14 15 | 15.1
Armour         | 7 10 | 10.3
Dodging        | 6 9 |  9.6

Action                   |  1- 3 |  4- 6 |  7- 9 | 10-12 | 13-15 || total
-------------------------+-------+-------+-------+-------+-------++-------
Melee: Hand axe          |    52 |   132 |       |   513 |    48 ||   745
       Headbutt          |     5 |    29 |    45 |   155 |    80 ||   314
       War axe           |       |    18 |   220 |    91 |       ||   329
       Executioner's axe |       |       |       |       |   310 ||   310
Invok: Berserk           |     1 |     2 |     3 |     7 |       ||    13
       Brothers in Arms  |       |       |       |     4 |     2 ||     6
       Burn Spellbooks   |       |       |       |     1 |     1 ||     2
       Trog's Hand       |       |       |       |     1 |       ||     1
  Use: Scroll            |       |       |    16 |     7 |     8 ||    31
       Potion            |       |       |     1 |       |       ||     1
  Eat: Chunk             |       |     7 |    27 |    14 |     4 ||    52
       Fruit             |       |     9 |       |     2 |       ||    11
       Meat ration       |       |       |       |     5 |     1 ||     6
       Royal jelly       |       |       |       |     2 |       ||     2
       Bread ration      |       |       |       |       |     1 ||     1
Armor: Animal skin       |    16 |       |       |       |       ||    16
       Plate armour      |       |   103 |   118 |   194 |       ||   415
       Chain mail        |       |       |       |    33 |   246 ||   279
Dodge: Dodged            |    38 |    57 |    64 |   264 |   402 ||   825
